SAAA
PORT ROYAL DISASTER @ ALLOWAY HALBERDS
09/15/2029
 
TOP OF THE 1ST
Port Royal Disaster batting - Pitching for Alloway Halberds : LHP Allen Yohemas
Pitching: LHP Allen Yohemas
Batting: RHB Wrangler Haresnape 0-0: Bunted foul
0-1: Ground out 6-3 (Groundball, 6)
Pitching: RHP Akihiko Rin
Batting: RHB Pedro Longoria 0-0: Ball
1-0: Called Strike
1-1: Swinging Strike
1-2: Ground out 5-3 (Groundball, 5S)
Batting: RHB Loren Stallings 0-0: Ball
1-0: Called Strike
1-1: Called Strike
1-2: Ground out 1-3 (Groundball, 15S)
Top of the 1st over - 0 runs, 0 hits, 0 errors, 0 left on base; Port Royal 0 - Alloway 0
BOTTOM OF THE 1ST
Alloway Halberds batting - Pitching for Port Royal Disaster : RHP Esteban García
Pitching: RHP Esteban García
Batting: RHB Vito Middendorf 0-0: Ball
1-0: Called Strike
1-1: Ball
2-1: Foul Ball, location: 2F
2-2: Ball
3-2: Ground out 5-3 (Groundball, 5)
Batting: LHB Ricardo Ríos 0-0: Ball
1-0: Ball
2-0: Called Strike
2-1: Swinging Strike
2-2: Ground out 4-3 (Groundball, 4)
Batting: LHB Armando Becerra 0-0: Ball
1-0: Ball
2-0: Ball
3-0: Called Strike
3-1: Base on Balls
Batting: RHB Jerry Yates 0-0: Foul Ball, location: 2F
0-1: Ground out 1-3 (Groundball, 15)
Bottom of the 1st over - 0 runs, 0 hits, 0 errors, 1 left on base; Port Royal 0 - Alloway 0
TOP OF THE 2ND
Port Royal Disaster batting - Pitching for Alloway Halberds : RHP Akihiko Rin
Batting: LHB Sisto Pagnamenta 0-0: Called Strike
0-1: Ball
1-1: Swinging Strike
1-2: Foul Ball, location: 2F
1-2: Ball
2-2: Strikes out swinging
Batting: RHB David McJannett 0-0: Foul Ball, location: 2F
0-1: Swinging Strike
0-2: Strikes out looking
Batting: LHB António Quintero 0-0: Ball
1-0: Foul Ball, location: 2F
1-1: DOUBLE (Line Drive, 89D)
Batting: RHB Brandon Cooper 0-0: Ball
1-0: Ball
2-0: Called Strike
2-1: Ball
3-1: Base on Balls
Batting: LHB Rubén López 0-0: Fly out, F9 (Flyball, 9LS)
Top of the 2nd over - 0 runs, 1 hit, 0 errors, 2 left on base; Port Royal 0 - Alloway 0
BOTTOM OF THE 2ND
Alloway Halberds batting - Pitching for Port Royal Disaster : RHP Esteban García
Batting: LHB José Zarate 0-0: Called Strike
0-1: Foul Ball, location: 2F
0-2: Ball
1-2: Fly out, F9 (Flyball, 9LM)
Batting: LHB Toby Kamin 0-0: Ball
1-0: Ball
2-0: Ball
3-0: Base on Balls
Batting: RHB Octávio Beltzán 0-0: Ball
1-0: Swinging Strike
1-1: Ball
2-1: Called Strike
2-2: Foul Ball, location: 2F
2-2: Grounds out, U3 (Groundball, 3L)
Batting: RHB Jordan Hollins 0-0: Ball
1-0: Called Strike
1-1: Ball
2-1: Called Strike
2-2: Foul Ball, location: 2F
2-2: Foul Ball, location: 2F
2-2: Ball
3-2: Foul Ball, location: 2F
3-2: SINGLE (Groundball, 6MD)
Toby Kamin to third
Toby Kamin scores
Batting: RHB Juan Salinas 0-0: SINGLE (Popup, 3D)
Jordan Hollins to second
Runner from 2nd tries for 3rd, SAFE, throw made to third
Batting: RHB Vito Middendorf 0-0: Called Strike
0-1: Ball
1-1: SINGLE (Groundball, 4MD)
Jordan Hollins scores
Juan Salinas to second
Runner from 2nd tries for 3rd, SAFE, no throw
Batting: LHB Ricardo Ríos 0-0: Ball
1-0: Swinging Strike
1-1: Ball
2-1: Swinging Strike
2-2: Ground out 4-3 (Groundball, 4)
Bottom of the 2nd over - 2 runs, 3 hits, 0 errors, 2 left on base; Port Royal 0 - Alloway 2
TOP OF THE 3RD
Port Royal Disaster batting - Pitching for Alloway Halberds : RHP Akihiko Rin
Batting: RHB Nelson Abbey 0-0: Ball
1-0: Ball
2-0: Ground out 5-3 (Groundball, 5S)
Batting: RHB Wrangler Haresnape 0-0: Ball
1-0: SINGLE (Line Drive, 8LS)
Batting: RHB Pedro Longoria 0-0: Called Strike
0-1: SINGLE (Flyball, 9S)
Wrangler Haresnape to second
Runner from 2nd tries for 3rd, SAFE, no throw
Pinch Runner at 3rd Javier Martínez:
Batting: RHB Loren Stallings 0-0: Fielders Choice at 2nd, 1-4 (Groundball, 15)
Batting: LHB Sisto Pagnamenta 0-0: Ball
1-0: DOUBLE (Line Drive, 9LS)
Javier Martínez scores
Loren Stallings to third
Runner from 3rd tries for Home, SAFE, no throw
Batting: RHB David McJannett 0-0: Ball
1-0: Foul Ball, location: 2F
1-1: Ball
2-1: Called Strike
2-2: Ball
3-2: Foul Ball, location: 2F
3-2: Foul Ball, location: 2F
3-2: SINGLE (Flyball, 7S)
Sisto Pagnamenta to third
Sisto Pagnamenta scores
Batting: LHB António Quintero 0-0: Foul Ball, location: 2F
0-1: Foul Ball, location: 2F
0-2: Ball
1-2: Ball
David McJannett steals 2nd base
2-2: Ball
3-2: Ground out 5-3 (Groundball, 56)
Top of the 3rd over - 3 runs, 4 hits, 0 errors, 1 left on base; Port Royal 3 - Alloway 2
BOTTOM OF THE 3RD
Alloway Halberds batting - Pitching for Port Royal Disaster : RHP Esteban García
Now in RF: Javier Martínez
Batting: LHB Armando Becerra 0-0: Ball
1-0: Ball
2-0: Ball
3-0: Called Strike
3-1: Base on Balls
Batting: RHB Jerry Yates 0-0: Ball
1-0: Called Strike
1-1: Ball
2-1: Ball
3-1: Base on Balls
Armando Becerra to second
Batting: LHB José Zarate 0-0: Grounds into double play, 6-4-3 (Groundball, 6)
Armando Becerra to third
Batting: LHB Toby Kamin 0-0: Ball
1-0: Called Strike
1-1: Ball
2-1: Ground out U3 (Groundball, 3L)
Bottom of the 3rd over - 0 runs, 0 hits, 0 errors, 1 left on base; Port Royal 3 - Alloway 2
TOP OF THE 4TH
Port Royal Disaster batting - Pitching for Alloway Halberds : RHP Akihiko Rin
Batting: RHB Brandon Cooper 0-0: Foul Ball, location: 2F
0-1: Ball
1-1: Foul Ball, location: 2F
1-2: Ground out 4-3 (Groundball, 4M)
Pitching: RHP Domingo Álvarez
Batting: LHB Rubén López 0-0: Ball
1-0: Called Strike
1-1: Foul Ball, location: 2F
1-2: Strikes out swinging
Batting: RHB Nelson Abbey 0-0: Ball
1-0: Ground out 6-3 (Groundball, 6)
Top of the 4th over - 0 runs, 0 hits, 0 errors, 0 left on base; Port Royal 3 - Alloway 2
BOTTOM OF THE 4TH
Alloway Halberds batting - Pitching for Port Royal Disaster : RHP Esteban García
Batting: RHB Octávio Beltzán 0-0: Ball
1-0: Swinging Strike
1-1: Ball
2-1: Fly out, F7 (Flyball, 7S)
Batting: RHB Jordan Hollins 0-0: Ball
1-0: Called Strike
1-1: Foul Ball, location: 2F
1-2: Ball
2-2: Ball
3-2: Reached on error, E4 (Groundball, 4)
Batting: RHB Juan Salinas 0-0: Ball
1-0: Ball
2-0: Ball
3-0: Called Strike
3-1: Foul Ball, location: 2F
3-2: Foul Ball, location: 2F
3-2: Foul Ball, location: 2F
3-2: Foul Ball, location: 2F
3-2: Ground out 6-3 (Groundball, 6MS)
Jordan Hollins to second
Batting: RHB Vito Middendorf 0-0: Called Strike
0-1: Foul Ball, location: 2F
0-2: Ball
1-2: Ball
2-2: Ground out 5-3 (Groundball, 56)
Bottom of the 4th over - 0 runs, 0 hits, 1 error, 1 left on base; Port Royal 3 - Alloway 2
TOP OF THE 5TH
Port Royal Disaster batting - Pitching for Alloway Halberds : RHP Domingo Álvarez
Batting: RHB Javier Martínez 0-0: Called Strike
0-1: Swinging Strike
0-2: Ground out 6-3 (Groundball, 6)
Batting: RHB Pedro Longoria 0-0: Ball
1-0: Foul Ball, location: 2F
1-1: Ball
2-1: Ground out 5-3 (Groundball, 5S)
Batting: RHB Loren Stallings 0-0: Ball
1-0: Ground out 4-3 (Groundball, 4)
Top of the 5th over - 0 runs, 0 hits, 0 errors, 0 left on base; Port Royal 3 - Alloway 2
BOTTOM OF THE 5TH
Alloway Halberds batting - Pitching for Port Royal Disaster : RHP Esteban García
Batting: LHB Ricardo Ríos 0-0: Called Strike
0-1: Ground out 3-1 (Groundball, 34S)
Batting: LHB Armando Becerra 0-0: Ball
1-0: Ground out U3 (Groundball, 34S)
Batting: RHB Jerry Yates 0-0: DOUBLE (Groundball, 5L)
Batting: LHB José Zarate 0-0: Ball
1-0: Called Strike
1-1: Swinging Strike
1-2: Foul Ball, location: 2F
1-2: Foul Ball, location: 2F
1-2: Ball
2-2: 2-RUN HOME RUN (Flyball, 89XD), Distance : 418 ft
Batting: LHB Toby Kamin 0-0: Fly out, F3 (Line Drive, 3)
Bottom of the 5th over - 2 runs, 2 hits, 0 errors, 0 left on base; Port Royal 3 - Alloway 4
TOP OF THE 6TH
Port Royal Disaster batting - Pitching for Alloway Halberds : RHP Domingo Álvarez
Batting: LHB Sisto Pagnamenta 0-0: Ball
1-0: Ball
2-0: Ball
3-0: Base on Balls
Batting: RHB David McJannett 0-0: Grounds into double play, 6-4-3 (Groundball, 6)
Batting: LHB António Quintero 0-0: Ball
1-0: Foul Ball, location: 2F
1-1: Ball
2-1: Ball
3-1: Swinging Strike
3-2: Strikes out looking
Top of the 6th over - 0 runs, 0 hits, 0 errors, 0 left on base; Port Royal 3 - Alloway 4
BOTTOM OF THE 6TH
Alloway Halberds batting - Pitching for Port Royal Disaster : RHP Esteban García
Batting: RHB Octávio Beltzán 0-0: Foul Ball, location: 2F
0-1: Ball
1-1: Ball
2-1: Called Strike
2-2: Ball
3-2: Strikes out swinging
Batting: RHB Jordan Hollins 0-0: Ball
1-0: Called Strike
1-1: Ball
2-1: Ground out 5-3 (Groundball, 5L)
Batting: RHB Juan Salinas 0-0: Called Strike
0-1: Swinging Strike
0-2: Fly out, F7 (Flyball, 7S)
Bottom of the 6th over - 0 runs, 0 hits, 0 errors, 0 left on base; Port Royal 3 - Alloway 4
TOP OF THE 7TH
Port Royal Disaster batting - Pitching for Alloway Halberds : RHP Domingo Álvarez
Pitching: RHP Francisco García
Batting: RHB Brandon Cooper 0-0: Called Strike
0-1: Ball
1-1: Foul Ball, location: 2F
1-2: Ball
2-2: Ball
3-2: Foul Ball, location: 2F
3-2: Base on Balls
Batting: LHB Rubén López 0-0: Bunt missed!
0-1: Ball
Balk!
Brandon Cooper to second
1-1: Sac Bunt - play at first, batter OUT! U3
Brandon Cooper to third
Batting: RHB Nelson Abbey 0-0: Ball
1-0: Fly out, F7 (Flyball, 7S)
Batting: RHB Javier Martínez 0-0: Ball
1-0: Foul Ball, location: 2F
1-1: Swinging Strike
1-2: Ground out U3 (Groundball, 34S)
Top of the 7th over - 0 runs, 0 hits, 0 errors, 1 left on base; Port Royal 3 - Alloway 4
BOTTOM OF THE 7TH
Alloway Halberds batting - Pitching for Port Royal Disaster : RHP Esteban García
Batting: RHB Vito Middendorf 0-0: SOLO HOME RUN (Flyball, 9D), Distance : 400 ft
Pitching: RHP Cipriano Costa
Batting: LHB Ricardo Ríos 0-0: Swinging Strike
0-1: Ground out 4-3 (Groundball, 4)
Batting: LHB Armando Becerra 0-0: Ball
1-0: SOLO HOME RUN (Flyball, 9LD), Distance : 358 ft
Batting: RHB Jerry Yates 0-0: SINGLE (Line Drive, 8RS)
Batting: LHB José Zarate 0-0: Ball
1-0: Ball
2-0: Ball
3-0: Called Strike
3-1: Grounds into double play, 4-6-3 (Groundball, 4)
Bottom of the 7th over - 2 runs, 3 hits, 0 errors, 0 left on base; Port Royal 3 - Alloway 6
TOP OF THE 8TH
Port Royal Disaster batting - Pitching for Alloway Halberds : RHP Francisco García
Batting: RHB Pedro Longoria 0-0: Ball
1-0: Called Strike
1-1: Ball
2-1: Foul Ball, location: 2F
2-2: Ball
3-2: Base on Balls
Batting: RHB Loren Stallings 0-0: Foul Ball, location: 2F
0-1: Swinging Strike
0-2: Ball
1-2: Strikes out swinging
Batting: LHB Sisto Pagnamenta 0-0: Ball
1-0: Fly out, F2 (Popup, 15S)
Batting: RHB David McJannett 0-0: Ball
1-0: Foul Ball, location: 2F
1-1: Ball
2-1: Fly out, F8 (Flyball, 8RD)
Top of the 8th over - 0 runs, 0 hits, 0 errors, 1 left on base; Port Royal 3 - Alloway 6
BOTTOM OF THE 8TH
Alloway Halberds batting - Pitching for Port Royal Disaster : RHP Cipriano Costa
Batting: LHB Toby Kamin 0-0: Called Strike
0-1: Ball
1-1: SINGLE (Groundball, 3D)
Batting: RHB Octávio Beltzán 0-0: Ball
1-0: Called Strike
1-1: Foul Ball, location: 2F
1-2: Strikes out swinging
Batting: RHB Jordan Hollins 0-0: Foul Ball, location: 2F
0-1: Foul Ball, location: 2F
0-2: Ball
1-2: Ball
2-2: Ground out 6-3 (Groundball, 6S)
Toby Kamin to second
Batting: RHB Juan Salinas 0-0: Foul Ball, location: 2F
0-1: Foul Ball, location: 2F
0-2: Ball
1-2: Fly out, F8 (Line Drive, 8LXD)
Bottom of the 8th over - 0 runs, 1 hit, 0 errors, 1 left on base; Port Royal 3 - Alloway 6
TOP OF THE 9TH
Port Royal Disaster batting - Pitching for Alloway Halberds : RHP Francisco García
Batting: LHB António Quintero 0-0: Ball
1-0: Fly out, F6 (Line Drive, 6M)
Batting: RHB Brandon Cooper 0-0: SINGLE (Line Drive, 8LS)
Pitching: RHP Bryan Tuff
Batting: LHB Rubén López 0-0: Ball
1-0: Ball
2-0: Ball
3-0: Called Strike
3-1: Grounds into double play, 3-6-3 (Groundball, 3)
Top of the 9th over - 0 runs, 1 hit, 0 errors, 0 left on base; Port Royal 3 - Alloway 6
Tuesday, December 19th, 2017 - OOTP Baseball 18.8 Build 76